Map: Abandoned Camp

Players

Morgoth

  • Race: Zerg Zerg
  • Spawn Location: 9:00

Infamous

  • Race: Protoss Protoss
  • League: Silver
  • Spawn Location: 7:00

HardCORE

  • Race: Protoss Protoss
  • Spawn Location: 11:00

RShackleford

  • Race: Protoss Protoss
  • League: Gold
  • Spawn Location: 3:00

Franks

  • Race: Protoss Protoss
  • Spawn Location: 5:00

Rmcfarland

  • Race: Terran Terran
  • Spawn Location: 3:00

VOD

Have the link to the VOD?

Description

Time

  • Played on: March 31, 2018, 1:21 p.m.
  • Length: 15:44
Show
View Real Time Build Order
Export as new Build Order

Morgoth Zerg 

Build Orders: Pool First 

Get SALT Encoding   

  12  0:03  Drone  
  13  0:11  Drone  
  14  0:18  Overlord  
  14  0:38  Spawning Pool  
  14  0:39  Drone  
  14  0:42  Drone  
  15  0:47  Drone  
  16  0:51  Drone  
  17  1:04  Extractor  
  17  1:06  Drone  
  17  1:25  Zergling x4  
  19  1:27  Queen  
  21  1:35  Zergling x2  
  22  1:44  Overlord  
  22  2:03  Zergling x2  
  23  2:16  Zergling x2  
  24  2:42  Zergling x10  
  29  2:51  Extractor  
  28  3:04  Roach Warren  
  27  3:26  Lair  
  27  3:40  Drone x3  
  30  3:42  Overlord x2  
  25  4:34  Drone x5  
  30  4:42  Evolution Chamber  
  29  4:46  Roach  
  29  4:48  Evolution Chamber  
  30  5:12  Roach x5  
  35  5:48  Hatchery  
  34  5:58  Spine Crawler, Zerg Melee Weapons Level 1  
  34  5:59  Zerg Missile Weapons Level 1  
  34  6:00  Metabolic Boost  
  34  6:01  Glial Reconstitution  
  33  6:07  Roach  
  33  6:08  Roach x5  
  45  6:12  Drone  
  45  6:15  Overlord  
  46  6:33  Overlord  
  46  6:36  Overlord  
  46  6:40  Drone x3  
  49  6:53  Hydralisk Den  
  48  7:14  Drone  
  48  7:15  Drone  
  50  7:16  Queen  
  50  7:22  Drone  
  53  7:24  Drone  
  53  7:25  Hydralisk x2  
  53  7:28  Hydralisk  
  53  7:29  Hydralisk  
  50  8:05  Hydralisk  
  50  8:06  Hydralisk x5  
  50  8:22  Drone x3  
  53  9:02  Hydralisk x2  
  53  9:03  Hydralisk x3  
  63  9:11  Drone  
  63  9:12  Drone x4  
  63  9:15  Extractor  
  55  9:35  Hydralisk  
  55  9:36  Hydralisk x4  
  65  9:49  Drone x5  
  65  9:50  Drone  
  71  10:14  Hatchery  
  70  10:22  Hydralisk x3  
  70  10:26  Overlord x4  
  76  10:33  Spore Crawler  
  75  10:38  Spore Crawler  
  75  10:40  Extractor  
  53  10:53  Zerg Ground Armor Level 1  
  53  10:54  Spire  
  52  11:08  Drone x3  
  52  11:09  Drone x3  
  44  11:46  Spine Crawler  
  43  11:48  Drone x3  
  43  11:49  Queen  
  43  11:51  Hydralisk  
  43  11:52  Hydralisk x3  
  43  11:53  Hydralisk  
  43  11:54  Hydralisk x3  
  64  12:17  Extractor, Hydralisk x2  
  64  12:19  Hydralisk x3  
  73  12:29  Mutalisk  
  73  12:30  Mutalisk x3  
  81  12:45  Spine Crawler  
  80  13:00  Infestation Pit  
  80  13:03  Lair  
  63  13:36  Hydralisk x5  
  63  13:37  Mutalisk, Hydralisk  
  63  13:38  Mutalisk x2, Hydralisk x4  
  63  13:39  Mutalisk, Hydralisk  
  93  13:48  Spine Crawler  
  80  14:14  Queen  
  80  14:15  Hydralisk x2  
  80  14:16  Hydralisk x5  
  78  14:45  Mutalisk x2, Hydralisk  
  84  14:57  Hydralisk x3  
Show
View Real Time Build Order
Export as new Build Order

Infamous Protoss 

Build Orders: 1 Gate Expand, Zealot Archon 

Get SALT Encoding   

  12  0:01  Probe  
  13  0:14  Probe  
  14  0:20  Pylon  
  14  0:27  Pylon, Probe  
  15  0:45  Probe  
  15  0:49  Gateway  
  16  0:58  Probe (Chrono Boost)  
  17  1:06  Assimilator  
  17  1:09  Probe (Chrono Boost)  
  18  1:20  Probe  
  19  1:34  Nexus  
  19  1:38  Probe  
  20  1:42  Pylon  
  20  1:53  Probe  
  21  2:06  Probe  
  21  2:08  Assimilator  
  22  2:17  Pylon  
  22  2:21  Cybernetics Core  
  21  2:37  Probe  
  23  2:52  Probe (Chrono Boost)  
  23  2:53  Gateway  
  23  2:54  Probe (Chrono Boost), Gateway  
  23  2:57  Adept (Chrono Boost)  
  24  2:58  Warp Gate (Chrono Boost)  
  24  3:05  Probe (Chrono Boost)  
  28  3:06  Probe (Chrono Boost)  
  28  3:18  Probe  
  28  3:19  Probe, Twilight Council  
  30  3:30  Probe  
  31  3:34  Gateway  
  31  3:35  Probe  
  32  3:43  Probe  
  32  3:47  Adept (Chrono Boost)  
  35  3:48  Assimilator  
  35  3:50  Sentry (Chrono Boost)  
  39  3:57  Sentry (Chrono Boost)  
  39  3:59  Charge  
  39  4:14  Probe x2  
  41  4:21  Templar Archives  
  41  4:30  Probe x2  
  43  4:42  Pylon  
  43  4:47  Pylon  
  43  4:51  Gateway  
  43  4:52  Pylon  
  43  4:57  Assimilator  
  43  4:58  Probe (Chrono Boost)  
  43  4:59  Probe (Chrono Boost)  
  45  5:00  High Templar x2  
  45  5:02  Zealot x2  
  53  5:10  Probe (Chrono Boost)  
  55  5:14  Probe (Chrono Boost)  
  55  5:17  Gateway  
  55  5:19  Probe (Chrono Boost), Gateway  
  57  5:22  Probe (Chrono Boost)  
  57  5:25  Archon  
  57  5:27  Probe (Chrono Boost)  
  57  5:28  High Templar x2  
  62  5:48  Shield Battery  
  62  5:50  Pylon  
  62  5:52  Archon  
  62  5:54  Zealot x3  
  68  5:57  Pylon  
  68  6:02  Blink (Chrono Boost)  
  68  6:03  Probe x2  
  70  6:10  High Templar  
  70  6:11  High Templar  
  74  6:20  Stalker x3  
  74  6:22  Zealot x2  
  84  6:36  Probe (Chrono Boost)  
  86  6:41  Probe (Chrono Boost)  
  86  6:49  Forge  
  86  6:50  Forge  
  84  7:02  Shield Battery  
  82  7:11  Stalker  
  82  7:12  Stalker x5  
  60  7:46  Zealot  
  60  7:47  Zealot x5  
  60  7:48  Zealot  
  60  7:49  Protoss Ground Weapons Level 1 (Chrono Boost), Protoss Ground Armor Level 1 (Chrono Boost)  
  60  7:50  Probe x2  
  76  8:02  Probe x2  
  74  8:14  Probe  
  74  8:17  High Templar x5  
  67  8:49  High Templar x2  
  67  8:51  Zealot  
  67  8:52  Zealot  
  67  8:53  Zealot x3  
  77  9:07  Archon x2  
  65  9:19  Zealot x2  
  65  9:20  Zealot x3  
  65  9:21  Probe x2  
  67  9:33  Probe  
  67  9:36  Gateway  
  67  9:37  Probe  
  67  9:38  Gateway  
  69  9:42  High Templar x4  
  69  9:45  Archon  
  77  9:51  Stalker  
  77  9:52  Stalker x2  
  83  9:57  Archon x2  
  83  10:11  Robotics Facility  
  83  10:12  Probe (Chrono Boost)  
  85  10:17  Probe (Chrono Boost)  
  85  10:19  Protoss Ground Weapons Level 2 (Chrono Boost)  
  86  10:22  Probe (Chrono Boost)  
  86  10:26  Probe (Chrono Boost)  
  87  10:32  Pylon  
  87  10:33  Stalker x3  
  87  10:35  Pylon  
  93  10:42  Probe  
  94  10:50  Probe  
  94  10:53  Zealot x3  
  94  10:54  Zealot  
  94  10:55  Pylon  
  103  10:57  Pylon  
  103  11:14  Nexus  
  103  11:16  High Templar  
  103  11:17  Pylon, High Templar x2  
  109  11:18  Zealot x2  
  109  11:19  Pylon, Zealot x4  
  109  11:21  Pylon  
  121  11:25  Pylon  
  121  11:38  Observer (Chrono Boost)  
  122  12:00  Robotics Facility  
  122  12:02  Robotics Bay  
  108  12:12  High Templar  
  108  12:13  High Templar  
  108  12:15  Zealot x4  
  116  12:16  Zealot x3  
  126  12:26  Probe x2 (Chrono Boost)  
  126  12:29  Probe (Chrono Boost)  
  130  12:40  Probe x2 (Chrono Boost)  
  130  12:41  Probe (Chrono Boost)  
  130  12:44  Sentry x3  
  134  12:46  Assimilator, Zealot  
  140  12:52  Protoss Ground Armor Level 2 (Chrono Boost), Assimilator  
  140  13:11  Zealot x2  
  140  13:12  Zealot x3  
  150  13:24  Immortal  
  72  13:53  Stalker x3  
  72  13:54  Zealot x2  
  72  13:55  Zealot  
Show
View Real Time Build Order
Export as new Build Order

HardCORE Protoss 

Build Orders:  

Get SALT Encoding   

  12  0:02  Probe  
  13  0:16  Probe  
  14  0:28  Probe  
  15  0:36  Pylon  
  15  1:00  Forge  
  15  1:17  Gateway  
  15  1:22  Probe  
  16  1:34  Probe  
  16  1:35  Photon Cannon  
  17  1:41  Photon Cannon  
  17  1:46  Probe  
  18  1:47  Assimilator  
  18  2:00  Pylon  
  18  2:05  Zealot  
  20  2:21  Pylon  
  20  2:27  Cybernetics Core  
  20  2:32  Zealot  
  22  2:41  Assimilator  
  22  2:46  Probe  
  23  2:58  Probe  
  24  3:09  Adept  
  24  3:12  Nexus  
  26  3:31  Pylon  
  26  3:36  Adept  
  28  3:55  Stargate  
  28  3:58  Pylon  
  28  4:10  Photon Cannon  
  28  4:18  Photon Cannon  
  28  4:27  Assimilator  
  28  4:31  Probe  
  28  4:32  Assimilator  
  29  4:41  Oracle  
  29  4:43  Probe  
  33  4:56  Probe  
  34  5:08  Probe  
  35  5:18  Oracle  
  35  5:20  Probe  
  39  5:32  Probe  
  40  5:45  Adept  
  42  5:55  Oracle  
  45  6:12  Probe, Adept  
  48  6:24  Probe  
  49  6:36  Probe  
  49  6:39  Adept  
  52  6:48  Probe  
  53  7:01  Probe  
  54  7:06  Adept  
  56  8:11  Phoenix (Chrono Boost)  
  58  8:28  Phoenix (Chrono Boost)  
  58  8:29  Stargate  
  60  8:51  Phoenix  
  62  9:05  Protoss Air Weapons Level 1  
  62  9:16  Phoenix x2  
  66  9:31  Shield Battery  
  66  9:34  Shield Battery  
  66  9:37  Pylon  
  66  9:41  Phoenix  
  68  10:07  Pylon  
  57  10:41  Void Ray  
  57  10:42  Void Ray  
  62  11:24  Void Ray  
  62  11:25  Void Ray  
  66  11:32  Stalker  
  62  12:09  Void Ray  
  62  12:10  Void Ray  
  70  12:42  Stargate  
  70  12:50  Fleet Beacon  
  70  12:51  Void Ray  
  70  12:52  Void Ray  
  70  12:53  Pylon  
  78  12:58  Pylon  
  78  13:01  Protoss Air Armor Level 1  
  78  13:03  Pylon  
  75  13:34  Void Ray  
  75  13:35  Phoenix, Void Ray  
  85  14:00  Phoenix  
  75  14:17  Phoenix  
  75  14:18  Phoenix  
  75  14:25  Phoenix  
  77  14:42  Void Ray  
  77  14:43  Void Ray  
  85  14:49  Void Ray  
Show
View Real Time Build Order
Export as new Build Order

RShackleford Protoss 

Build Orders:  

Get SALT Encoding   

  12  0:01  Probe  
  13  0:13  Probe  
  14  0:31  Probe  
  14  0:33  Pylon  
  15  0:51  Probe  
  15  0:54  Gateway  
  16  1:02  Forge  
  16  1:04  Probe  
  17  1:19  Probe  
  18  1:39  Photon Cannon  
  18  1:43  Cybernetics Core  
  18  1:45  Probe  
  19  1:57  Probe  
  19  2:00  Assimilator  
  20  2:09  Probe  
  20  2:10  Nexus  
  21  2:21  Probe  
  22  2:41  Probe  
  22  2:42  Pylon  
  23  2:47  Assimilator  
  23  2:52  Warp Gate (Chrono Boost)  
  23  3:00  Probe  
  24  3:12  Probe  
  25  3:14  Stalker  
  27  3:22  Pylon  
  27  3:24  Probe  
  28  3:27  Probe  
  28  3:31  Assimilator  
  29  3:35  Pylon  
  29  3:36  Probe  
  29  3:39  Probe  
  31  3:48  Probe  
  31  3:51  Probe  
  33  4:00  Probe  
  34  4:04  Probe, Gateway  
  34  4:09  Gateway  
  35  4:12  Probe, Photon Cannon  
  35  4:16  Probe  
  37  4:25  Probe  
  37  4:28  Probe  
  39  4:37  Probe  
  40  4:40  Robotics Facility  
  40  4:42  Protoss Ground Weapons Level 1 (Chrono Boost)  
  40  4:46  Probe  
  41  4:53  Assimilator  
  41  4:55  Pylon  
  41  4:56  Probe  
  42  5:03  Probe  
  43  5:18  Photon Cannon  
  43  5:21  Stalker x3  
  43  5:25  Immortal (Chrono Boost)  
  43  5:28  Robotics Facility  
  53  5:35  Probe  
  54  5:37  Probe  
  55  5:47  Probe  
  56  5:52  Pylon  
  56  5:53  Probe  
  58  5:57  Observer  
  58  6:05  Pylon  
  58  6:18  Immortal (Chrono Boost), Robotics Facility  
  66  6:19  Immortal (Chrono Boost), Pylon  
  65  6:48  Zealot x2  
  65  6:49  Zealot  
  65  6:51  Immortal (Chrono Boost)  
  75  6:56  Twilight Council  
  75  6:57  Pylon, Immortal  
  73  7:30  Immortal x2  
  65  7:42  Pylon  
  46  7:48  Stalker x3  
  46  7:50  Nexus  
  50  7:52  Protoss Shields Level 1 (Chrono Boost)  
  50  7:56  Probe x2  
  52  8:08  Probe x2  
  52  8:11  Photon Cannon  
  54  8:20  Probe  
  54  8:21  Probe  
  56  8:32  Probe  
  56  8:33  Probe (Chrono Boost)  
  58  8:34  Sentry  
  58  8:35  Sentry x2  
  58  8:41  Assimilator  
  64  8:45  Probe x2 (Chrono Boost)  
  66  8:54  Probe x2 (Chrono Boost)  
  68  8:57  Immortal  
  68  8:59  Probe x2 (Chrono Boost)  
  74  9:03  Probe  
  75  9:11  Probe x2  
  77  9:20  Immortal, Probe  
  77  9:23  Probe  
  77  9:24  Sentry x3  
  89  9:37  Probe x2  
  91  9:39  Pylon, Protoss Ground Weapons Level 2 (Chrono Boost)  
  91  9:46  Immortal  
  91  9:47  Immortal  
  91  9:50  Probe  
  91  9:52  Probe  
  101  9:53  Probe  
  102  10:01  Immortal  
  102  10:02  Probe  
  108  10:07  Probe  
  108  10:22  Robotics Bay  
  108  10:29  Immortal (Chrono Boost)  
  108  10:32  Stalker  
  108  10:33  Stalker x2  
  118  10:37  Nexus  
  118  10:38  Pylon  
  118  10:42  Probe  
  119  11:07  Extended Thermal Lance (Chrono Boost)  
  119  11:08  Colossus (Chrono Boost)  
  125  11:13  Zealot  
  125  11:14  Zealot x2  
  125  11:15  Probe  
  125  11:18  Gateway  
  132  11:21  Gateway  
  132  11:22  Probe, Gateway  
  133  11:31  Assimilator  
  133  11:34  Photon Cannon  
  133  11:38  Gateway  
  133  11:41  Pylon  
  133  11:47  Pylon, Colossus (Chrono Boost)  
  133  11:48  Probe x3  
  133  11:50  Pylon  
  142  11:56  Colossus (Chrono Boost)  
  142  12:00  Probe x2  
  150  12:07  Stalker x3  
  156  12:12  Probe  
  157  12:31  Colossus (Chrono Boost)  
  157  12:32  Stalker x2  
  157  12:35  Stalker  
  169  12:46  Pylon  
  169  12:51  Assimilator  
  169  12:59  Pylon  
  169  13:03  Colossus  
  169  13:04  Photon Cannon  
  175  13:07  Pylon  
  175  13:09  Assimilator, Observer  
  176  13:18  Observer  
  177  13:27  Photon Cannon  
  177  13:30  Photon Cannon  
  171  13:45  Colossus x2  
  171  13:48  Stalker x4  
  187  13:49  Stalker  
  187  13:54  Pylon  
  193  14:12  Colossus  
  199  14:43  Photon Cannon  
  199  14:45  Photon Cannon x2  
  199  14:46  Photon Cannon  
  199  14:49  Photon Cannon  
  199  14:51  Pylon  
  199  15:05  Stargate  
Show
View Real Time Build Order
Export as new Build Order

Franks Protoss 

Build Orders: 1 Gate Expand 

Get SALT Encoding   

  12  0:01  Probe  
  13  0:13  Probe  
  14  0:19  Pylon  
  14  0:25  Probe  
  15  0:37  Probe  
  16  0:50  Pylon  
  16  0:57  Gateway  
  16  1:00  Probe (Chrono Boost)  
  16  1:01  Assimilator  
  18  1:12  Probe (Chrono Boost)  
  18  1:27  Nexus  
  18  1:38  Assimilator  
  18  1:40  Probe  
  19  1:52  Probe  
  20  1:57  Forge  
  20  2:07  Zealot  
  22  2:37  Photon Cannon  
  22  2:38  Photon Cannon  
  22  2:41  Zealot (Chrono Boost)  
  24  2:48  Cybernetics Core  
  24  3:00  Gateway  
  24  3:05  Zealot (Chrono Boost)  
  26  3:27  Pylon  
  26  3:33  Probe  
  27  3:45  Probe  
  27  3:47  Pylon  
  28  3:57  Probe  
  29  4:05  Twilight Council  
  23  4:17  Zealot x2 (Chrono Boost)  
  27  4:41  Zealot x2 (Chrono Boost)  
  27  4:44  Charge  
  31  5:14  Forge  
  31  5:16  Pylon  
  31  5:23  Pylon  
  29  5:43  Nexus  
  29  5:51  Pylon  
  29  5:57  Probe  
  30  6:09  Probe  
  31  6:15  Stargate  
  31  6:17  Stargate  
  31  6:19  Stargate  
  31  6:21  Probe  
  32  6:31  Protoss Air Weapons Level 1 (Chrono Boost)  
  32  6:37  Protoss Shields Level 1  
  32  6:45  Zealot x2  
  36  6:58  Shield Battery  
  29  7:10  Void Ray  
  31  7:50  Zealot x2  
  25  8:55  Pylon  
  25  9:31  Nexus  
  25  10:50  Probe  
  26  11:00  Void Ray x3  
  26  11:02  Probe  
  26  11:03  Protoss Air Armor Level 1 (Chrono Boost)  
  39  11:14  Probe  
  39  11:16  Fleet Beacon  
  40  11:25  Assimilator  
  40  11:28  Assimilator  
  40  11:56  Pylon  
  40  12:04  Void Ray x3  
  52  12:21  Photon Cannon  
  52  12:23  Photon Cannon  
  52  12:50  Protoss Air Weapons Level 2  
  52  12:51  Tempest  
  52  12:56  Pylon  
  58  12:58  Pylon  
  58  13:00  Pylon  
  58  13:06  Probe (Chrono Boost)  
  59  13:17  Probe (Chrono Boost)  
  60  13:21  Probe (Chrono Boost)  
  61  13:33  Probe  
  62  13:45  Probe  
  63  13:52  Tempest x2  
  63  13:53  Tempest  
  81  13:57  Probe  
  82  14:47  Pylon  
  82  14:49  Pylon  
  82  14:51  Pylon  
  82  14:53  Pylon  
Show
View Real Time Build Order
Export as new Build Order

Rmcfarland Terran 

Build Orders:  

Get SALT Encoding   

  12  0:03  SCV  
  13  0:15  SCV  
  13  0:19  Supply Depot  
  14  0:27  SCV  
  15  0:39  Refinery  
  15  0:41  SCV  
  16  0:46  Barracks  
  16  0:53  SCV  
  17  1:05  SCV  
  17  1:08  Supply Depot  
  17  1:11  Refinery  
  18  1:17  SCV  
  19  1:33  Orbital Command  
  19  1:35  Marine  
  20  2:06  Command Center  
  20  2:09  SCV  
  20  2:10  Marine  
  22  2:23  SCV  
  23  2:30  Factory  
  23  2:31  Barracks Reactor  
  23  2:40  SCV  
  24  2:46  Factory  
  24  2:52  SCV  
  25  3:05  SCV  
  26  3:17  SCV, Orbital Command  
  27  3:24  Refinery  
  27  3:29  Factory  
  27  3:30  SCV  
  28  3:39  Widow Mine x2  
  32  3:42  SCV  
  32  3:43  Factory Tech Lab  
  32  3:44  Barracks Reactor  
  32  3:47  Supply Depot  
  33  3:55  SCV  
  34  3:58  SCV  
  35  4:07  SCV  
  36  4:10  SCV  
  36  4:13  Widow Mine x2  
  36  4:14  Widow Mine  
  43  4:29  Widow Mine x2  
  47  4:32  SCV  
  47  4:33  SCV  
  49  4:44  SCV  
  51  4:45  SCV  
  51  4:46  Refinery  
  51  4:48  Engineering Bay  
  51  4:51  Widow Mine  
  53  4:59  Supply Depot  
  53  5:07  Armory  
  55  5:21  Widow Mine  
  59  5:28  Widow Mine x2  
  59  5:29  Widow Mine  
  59  5:31  Supply Depot  
  61  5:45  Missile Turret  
  61  5:49  Missile Turret  
  61  5:53  Supply Depot, Widow Mine  
  63  5:59  Drilling Claws  
  63  6:05  Factory  
  63  6:09  Barracks Reactor  
  63  6:13  Factory  
  63  6:16  Supply Depot  
  63  6:36  Terran Vehicle And Ship Armor Level 1  
  63  6:43  Starport  
  63  6:47  Supply Depot  
  63  6:48  Widow Mine  
  63  6:49  Widow Mine x4  
  63  6:51  Factory Reactor  
  73  6:55  Factory  
  71  7:03  Supply Depot  
  69  7:09  Widow Mine  
  69  7:10  Widow Mine x4  
  78  7:41  Widow Mine x3  
  78  7:42  Widow Mine x2  
  74  8:03  Widow Mine x4  
  82  8:12  Widow Mine  
  78  8:24  Widow Mine x4  
  86  8:33  Widow Mine  
  82  8:45  Widow Mine x2  
  82  8:46  Widow Mine x2  
  82  8:51  Widow Mine x4  
  82  8:53  Factory Reactor  
  82  8:55  Widow Mine  
  92  9:07  Widow Mine x4  
  100  9:12  Widow Mine  
  102  9:25  Widow Mine  
  102  9:53  Starport  
  102  9:54  Starport Tech Lab  
  102  10:00  Supply Depot  
  102  10:05  Supply Depot  
  102  10:08  Supply Depot  
  102  10:13  Supply Depot  
  102  10:22  Widow Mine x4  
  102  10:25  Widow Mine  
  102  10:27  Widow Mine x4  
  118  10:29  Widow Mine x2  
  110  10:44  Widow Mine  
  110  10:46  Widow Mine  
  110  10:48  Widow Mine x2  
  118  10:51  Widow Mine x3  
  118  10:52  Widow Mine x4  
  132  10:59  Supply Depot  
  132  11:00  Supply Depot  
  132  11:05  Command Center  
  132  11:09  SCV  
  133  11:21  SCV  
  130  11:34  SCV  
  113  12:04  Widow Mine x6  
  113  12:05  Widow Mine  
  103  12:14  Widow Mine x4  
  111  12:25  Widow Mine x3  
  111  12:26  Widow Mine  
  119  12:37  Command Center  
  119  13:01  Refinery  
  119  13:05  Missile Turret  
  113  13:55  Widow Mine x2  
  113  14:17  Orbital Command  
  89  14:50  Missile Turret  
  89  14:51  Refinery  
  89  14:54  Widow Mine x8  
  89  14:55  Widow Mine x3  
  95  15:15  Widow Mine  
  95  15:16  Widow Mine x10  
Tags
 
Add a new tag
Caveats
  • Supply blocks, unpowered buildings, or Contaminate may cause inaccurate times.
  • Supply counts are checked every 10 seconds.